 Dungeon Crawl Stone Soup version 0.19.4-10-g532645f (console) character file.

26176 Grinner the Grappler (level 12, -13/104 HPs)
             Began as a Troll Monk on Feb 24, 2017.
             Was a High Priest of Ashenzari.
             Mangled by a ten-headed hydra (17 damage)
             ... on level 1 of the Lair of Beasts.
             The game lasted 00:42:53 (11199 turns).

Grinner the Grappler (Troll Monk)                  Turns: 11199, Time: 00:42:54

Health: -13/104    AC: 16    Str: 20    XL:     12   Next: 96%
Magic:  14/15      EV: 15    Int:  8    God:    Ashenzari [*****.]
Gold:   432        SH: 20    Dex: 16    Spells: 3 memorised, 10 levels left

rFire  . . .     SeeInvis +       - Unarmed
rCold  + . .     Gourm    +     Z - +2 robe {rC+} (curse)
rNeg   + . .     Faith    .     A - +2 large shield (curse)
rPois  +         Spirit   .     h - +2 hat (curse)
rElec  .         Reflect  .     U - +2 cloak {rPois} (curse)
rCorr  .         Harm     .     (gloves unavailable)
MR     +....     Clarity  +     (boots unavailable)
Stlth  +++.......               O - amulet of rage
                                x - ring of protection from magic
                                S - ring "Zopo Eciegh" {+Fly rN+}

@: very slightly contaminated
A: unfitting armour, claws 3, icy blue scales 1, molten scales 1, thin skeletal
structure 1, clever 1, clumsy 1, fast metabolism 3, gourmand, sense surroundings
1, regeneration 1, screaming 1, shaggy fur 1, tough skin 2, weak 1
a: Curse Item, Scrying, Transfer Knowledge, Renounce Religion, Evoke Berserk
Rage, Evoke Flight


You were on level 1 of the Lair of Beasts.
You worshipped Ashenzari.
Ashenzari was extremely pleased with you.
You were not hungry.

You visited 3 branches of the dungeon, and saw 14 of its levels.
You also visited: Ossuary and Ice Cave.

You collected 792 gold pieces.
You spent 360 gold pieces at shops.

Inventory:

Hand Weapons
 d - a +4 demon trident of electrocution
Missiles
 V - 2 large rocks (quivered)
Armour
 h - a cursed +2 hat (worn)
 A - a cursed +2 large shield (worn)
 U - a cursed +2 cloak of poison resistance (worn)
 Z - a cursed +2 robe of cold resistance (worn)
Rods
 R - a +6 rod of shadows (13/13)
   (You bought it in a shop on level 8 of the Dungeon)
Jewellery
 o - an uncursed ring of protection from cold
 q - an uncursed ring of positive energy
 x - a ring of protection from magic (right claw)
 G - an uncursed ring of fire
 K - an uncursed ring of stealth
 O - an amulet of rage (around neck)
 S - the ring "Zopo Eciegh" (left claw) {+Fly rN+}
   (You found it on level 8 of the Dungeon)

   [ring of flight]

   It protects you from negative energy.
   It lets you fly.
 Y - an uncursed ring of ice
Wands
 a - a wand of paralysis (17/24)
 j - a wand of lightning (7/15)
 s - a wand of acid (0/15)
 y - a wand of disintegration (10/24)
 C - a wand of confusion (12/48)
 T - a wand of paralysis (13/24)
Scrolls
 f - a scroll of vulnerability {unknown}
 g - 7 scrolls of amnesia
 r - 14 scrolls of remove curse
 u - 2 scrolls of enchant armour
 v - 3 scrolls of fear
 z - 3 scrolls of immolation
 B - 4 scrolls of teleportation
 F - a scroll of torment
 I - 3 scrolls of fog
 M - a scroll of silence
Potions
 e - 3 potions of flight
 i - 4 potions of ambrosia
 k - 3 potions of cancellation
 l - a potion of haste
 n - a potion of berserk rage
 p - 4 potions of brilliance
 w - a potion of agility
 D - a potion of magic
 E - 2 potions of curing
 H - 5 potions of lignification
 Q - a potion of cure mutation {unknown}
 X - a potion of heal wounds
Books
 L - a book of Cantrips

   Spells                             Type                      Level
   a - Confusing Touch                Hexes                        1
   b - Animate Skeleton               Necromancy                   1
   c - Summon Small Mammal            Summoning                    1
   d - Apportation                    Translocation                1
 P - a book of Necromancy

   Spells                             Type                      Level
   a - Pain                           Necromancy                   1
   b - Animate Skeleton               Necromancy                   1
   c - Vampiric Draining              Necromancy                   3
   d - Regeneration                   Charms/Necromancy            3
   e - Animate Dead                   Necromancy                   4
   f - Control Undead                 Necromancy                   4
Miscellaneous
 N - a lamp of fire (inert)
Comestibles
 b - 8 bread rations
 c - 5 meat rations
 m - 5 fruits
 t - 3 slices of pizza
 J - 8 beef jerkies


   Skills:
 - Level 2.4 Fighting
 + Level 6.6 Throwing
 + Level 3.2 Armour
 + Level 5.4(9.4) Dodging
 - Level 1.0(3.2) Stealth
 * Level 9.2(11.7) Shields
 * Level 12.4 Unarmed Combat
 + Level 3.2 Spellcasting
 + Level 3.1 Hexes
 - Level 2.0 Charms
 + Level 4.4 Necromancy
 + Level 3.5 Evocations


You had 10 spell levels left.
You knew the following spells:

 Your Spells              Type           Power        Failure   Level  Hunger
a - Regeneration          Chrm/Necr      #.........   52%         3    ####...
d - Vampiric Draining     Necr           #.........   34%         3    ####...
x - Confusing Touch       Hex            #.....       21%         1    ##.....


Dungeon Overview and Level Annotations

Branches:
Dungeon (12/15)            Temple (1/1) D:4            Lair (1/6) D:11
    Orc (0/2) D:11

Altars:
Ashenzari
Cheibriados
Dithmenos
Elyvilon
Fedhas
Gozag
Hepliaklqana
Kikubaaqudgha
Makhleb
Nemelex Xobeh
Okawaru
Qazlal
Ru
Sif Muna
Trog
Uskayaw
Vehumet
Xom
Yredelemnul
Zin
The Shining One

Shops:
D:4 (   D:8 *


Innate Abilities, Weirdness & Mutations

You are too large for most types of armour.
You have claws for hands.
Your metabolism is lightning-fast.
You like to eat raw meat.
Your natural rate of healing is unusually fast.
You are covered in fur. (AC +1)
You have very tough skin. (AC +2)
You are partially covered in icy blue scales. (AC +2)
You are partially covered in molten scales. (AC +2)
You have a somewhat thin skeletal structure. (Dex +2, Stealth)
Your mind is acute. (Int +2)
You are clumsy. (Dex -2)
You passively map a small area around you.
You occasionally shout uncontrollably at your foes.
You are weak. (Str -2)


Message History

You block the ten-headed hydra's attack.
The ten-headed hydra bites you but does no damage.
The ten-headed hydra bites you.
* * * LOW HITPOINT WARNING * * *
You block the ten-headed hydra's attack. x2
The ten-headed hydra bites you but does no damage.
You block the ten-headed hydra's attack.
The ten-headed hydra barely misses you. The ten-headed hydra bites you.
* * * LOW HITPOINT WARNING * * *
The ten-headed hydra barely misses you.
Throwing (i - inventory):
V - 3 large rocks (quivered)
Press: ? - help, Shift-Dir - straight line, f/p - ten-headed hydra
Aim: a ten-headed hydra (severely wounded, covered in acid)
You throw a large rock.
The large rock completely misses the ten-headed hydra.
You block the ten-headed hydra's attack. x3
The ten-headed hydra bites you!
* * * LOW HITPOINT WARNING * * *
The ten-headed hydra bites you!
You die...

############ * # * *
######.##P#.#.#.###.###.
,
...............)........
,
.........(.....D@.......
,,, ,
###†....................
**,
...#.###.####.###.......
,,* .....# ### ###
,..##### , <..#.#* ..# *
...#..# .## ,, ...#..# *
.# * ####.## * .# * * ,
,..# ,, , , * *


You could see a ten-headed hydra.

Vanquished Creatures
  Rupert (D:12)
  Fannar (D:10)
  Harold (D:10)
  The ghost of speculusfracta the Fighter, a journeyman DsFi of Ashenzari (IceCv)
  3 skeletal warriors (D:11)
  Pikel (D:6)
  2 hill giants
  A necromancer (IceCv)
  A deep elf mage (D:12)
  A manticore (D:11)
  4 ugly things
  A centaur zombie (D:11)
  Maurice (D:8)
  4 ice statues (IceCv)
  A gargoyle (D:12)
  Psyche (D:9)
  10 ice devils
  A two-headed ogre (D:12)
  Prince Ribbit (D:5)
  The ghost of Wextippler the Firebug, an amateur DsFE (D:4)
  4 slime creatures (D:12)
  5 hippogriffs
  Sigmund (D:5)
  A shadow (D:12)
  A basilisk (D:11)
  The ghost of Wextippler the Grave Robber, an amateur DsNe (D:3)
  Edmund (D:5)
  A water moccasin (D:10)
  Duvessa (D:4)
  2 black bears (D:8)
  An ice beast (D:10)
  8 orc warriors
  3 phantoms
  3 sky beasts
  2 eyes of draining
  3 ogres
  14 centaurs
  6 big kobolds
  6 bullfrogs
  Dowan (D:4)
  3 wyvern skeletons
  6 scorpions
  11 killer bees
  4 wights (D:12)
  18 howler monkeys
  A bullfrog zombie (D:6)
  4 crimson imps
  3 draconian simulacra (IceCv)
  6 hounds
  6 jellies
  Crazy Yiuf (D:3)
  6 orc priests
  18 orc wizards
  2 bullfrog skeletons
  A centaur skeleton (D:12)
  An iron imp (D:9)
  10 worker ants
  4 iguanas
  2 troll simulacra (IceCv)
  2 hound skeletons
  12 mummies (Ossuary)
  A howler monkey skeleton (D:9)
  A worker ant zombie (D:10)
  4 ogre simulacra (IceCv)
  A river rat (D:11)
  7 adders
  A naga simulacrum (IceCv)
  4 shadow imps
  3 oozes
  An adder skeleton (D:6)
  4 worms
  2 dart slugs
  4 leopard geckos
  32 orcs
  A ball python (D:3)
  5 giant cockroaches
  7 goblins
  7 hobgoblins
  18 jackals
  25 kobolds
  4 quokkas
  6 bats
  3 frilled lizards
  3 gnoll skeletons (Ossuary)
  A goblin skeleton (Ossuary)
  3 kobold skeletons (Ossuary)
  An orc skeleton (Ossuary)
  15 rats
  11 rat skeletons (Ossuary)
399 creatures vanquished.

Vanquished Creatures (others)
  An orc wizard (D:6)
  An adder zombie (D:6)
2 creatures vanquished.

Grand Total: 401 creatures vanquished

Notes
Turn   | Place    | Note
-------+----------+-------------------------------------------
     0 | D:1      | Grinner the Troll Monk began the quest for the Orb.
     0 | D:1      | Reached XP level 1. HP: 22/22 MP: 0/0
   399 | D:1      | Reached XP level 2. HP: 29/29 MP: 1/1
   787 | D:2      | Reached XP level 3. HP: 36/36 MP: 2/2
  1143 | D:2      | Reached skill level 4 in Unarmed Combat
  1214 | D:2      | Reached XP level 4. HP: 41/44 MP: 3/3
  1694 | D:3      | Found a glowing golden altar of the Shining One.
  1776 | D:3      | Noticed Wextippler's ghost (amateur DsNe)
  1786 | D:3      | Killed Wextippler's ghost
  1786 | D:3      | Reached skill level 5 in Unarmed Combat
  1786 | D:3      | Reached XP level 5. HP: 46/50 MP: 4/4
  1849 | D:3      | Found a runed door.
  1853 | D:3      | Noticed Crazy Yiuf
  1857 | D:3      | Killed Crazy Yiuf
  1857 | D:3      | Reached XP level 6. HP: 46/59 MP: 5/5
  1952 | D:3      | Found a blossoming altar of Fedhas.
  2085 | D:3      | Found a shadowy altar of Dithmenos.
  2366 | D:4      | Noticed Duvessa
  2369 | D:4      | Noticed Dowan
  2375 | D:4      | Killed Duvessa
  2375 | D:4      | Reached skill level 6 in Unarmed Combat
  2380 | D:4      | Killed Dowan
  2424 | D:4      | Found Bapyge's Weapon Boutique.
  2431 | D:4      | Bought 4 large rocks for 36 gold pieces
  2478 | D:4      | Found a staircase to the Ecumenical Temple.
  2499 | Temple   | Entered the Ecumenical Temple
  2715 | Temple   | Became a worshipper of Ashenzari the Shackled
  2715 | Temple   | Reached * piety under Ashenzari
  2715 | Temple   | Reached ** piety under Ashenzari
  2801 | D:4      | Noticed Wextippler's ghost (amateur DsFE)
  2813 | D:4      | Killed Wextippler's ghost
  2813 | D:4      | Reached skill level 1 in Throwing
  2813 | D:4      | Reached skill level 1 in Shields
  2813 | D:4      | Reached XP level 7. HP: 59/66 MP: 6/6
  2825 | D:4      | Reached skill level 7 in Unarmed Combat
  3349 | D:5      | Entered Level 5 of the Dungeon
  3379 | D:5      | Found a sand-covered staircase.
  3384 | Ossuary  | Entered an ossuary
  3639 | Ossuary  | Reached XP level 8. HP: 65/74 MP: 7/7
  3840 | D:5      | Noticed Prince Ribbit
  3849 | D:5      | Killed Prince Ribbit
  3849 | D:5      | Reached skill level 8 in Unarmed Combat
  3955 | D:5      | Noticed Edmund
  3965 | D:5      | Killed Edmund
  4151 | D:5      | Found an iron altar of Okawaru.
  4152 | D:5      | Noticed Sigmund
  4161 | D:5      | Killed Sigmund
  4219 | D:5      | Found a bloodstained altar of Trog.
  4449 | D:6      | Noticed Pikel
  4461 | D:6      | Killed Pikel
  4461 | D:6      | Reached skill level 9 in Unarmed Combat
  4461 | D:6      | Reached XP level 9. HP: 60/80 MP: 8/8
  4526 | D:6      | Reached skill level 5 in Shields
  4892 | D:6      | Found an opulent altar of Gozag.
  4892 | D:6      | Found a burning altar of Makhleb.
  4990 | D:7      | Reached *** piety under Ashenzari
  5006 | D:7      | Found a faded altar of an unknown god.
  5006 | D:7      | Found a faded altar of an unknown god.
  5013 | D:7      | Found a faded altar of an unknown god.
  5015 | D:7      | Found a stormy altar of Qazlal.
  5017 | D:7      | Found a faded altar of an unknown god.
  5161 | D:7      | Learned a level 3 spell: Vampiric Draining
  5165 | D:7      | Learned a level 3 spell: Regeneration
  5524 | D:7      | Found a white marble altar of Elyvilon.
  5602 | D:8      | Reached skill level 10 in Unarmed Combat
  5602 | D:8      | Reached skill level 1 in Necromancy
  5608 | D:8      | Reached skill level 1 in Charms
  5626 | D:8      | Reached XP level 10. HP: 77/88 MP: 6/10
  5760 | D:8      | Reached skill level 1 in Spellcasting
  6078 | D:8      | Found Ifaecewa's Assorted Antiques.
  6107 | D:8      | Bought a crooked smoking rod for 324 gold pieces
  6107 | D:8      | Identified a +6 rod of shadows (13/13) (You bought it in a shop on level 8 of the Dungeon)
  6115 | D:8      | Identified the ring "Zopo Eciegh" {+Fly rN+}
  6390 | D:9      | Noticed Maurice
  6417 | D:8      | Killed Maurice
  6417 | D:8      | Reached skill level 5 in Throwing
  6550 | D:9      | Reached **** piety under Ashenzari
  6588 | D:9      | Learned a level 1 spell: Confusing Touch
  6789 | D:9      | Noticed Psyche
  6801 | D:9      | Killed Psyche
  6876 | D:9      | Reached skill level 1 in Evocations
  7001 | D:9      | Reached skill level 1 in Hexes
  7250 | D:9      | Found a snail-covered altar of Cheibriados.
  7486 | D:10     | Entered Level 10 of the Dungeon
  7543 | D:10     | Noticed Fannar
  7560 | D:10     | Killed Fannar
  7560 | D:10     | Reached skill level 11 in Unarmed Combat
  7560 | D:10     | Reached XP level 11. HP: 44/94 MP: 12/12
  7783 | D:10     | Noticed Harold
  7803 | D:10     | Killed Harold
  8174 | D:11     | Noticed a skeletal warrior
  8201 | D:11     | Killed a skeletal warrior
  8212 | D:11     | Noticed a skeletal warrior
  8214 | D:11     | Noticed a skeletal warrior
  8226 | D:11     | Killed a skeletal warrior
  8246 | D:11     | Killed a skeletal warrior
  8271 | D:11     | Found a staircase to the Orcish Mines.
  8281 | D:11     | Found a frozen archway.
  8285 | D:11     | Reached skill level 1 in Armour
  8330 | IceCv    | Entered an ice cave
  8351 | IceCv    | Noticed speculusfracta's ghost (journeyman DsFi)
  8375 | IceCv    | Killed speculusfracta's ghost
  8545 | IceCv    | Noticed a necromancer
  8546 | IceCv    | Identified the +4 ring mail of Conscience {rF+ Str+2 SInv}
  8550 | IceCv    | Killed a necromancer
  8618 | IceCv    | Reached XP level 12. HP: 104/104 MP: 13/15
  8944 | D:11     | Gained mutation: Scrolls take you a little longer to read. [mutagenic meat]
  8946 | D:11     | Gained mutation: You are partially covered in molten scales. (AC +2) [mutagenic meat]
  8947 | D:11     | Gained mutation: Your mind is acute. (Int +2) [mutagenic meat]
  8958 | D:11     | Reached ***** piety under Ashenzari
  9139 | D:11     | Reached skill level 5 in Dodging
  9180 | D:11     | Found a staircase to the Lair.
  9371 | D:11     | Reached skill level 12 in Unarmed Combat
  9556 | D:11     | Gained mutation: You are partially covered in icy blue scales. (AC +2) [mutagenic meat]
  9881 | D:11     | Gained mutation: You are weak. (Str -2) [potion of mutation]
  9881 | D:11     | Gained mutation: You are clumsy. (Dex -2) [potion of mutation]
  9882 | D:11     | Gained mutation: You have a somewhat thin skeletal structure. (Dex +2, Stealth) [potion of mutation]
  9882 | D:11     | Gained mutation: You passively map a small area around you. [potion of mutation]
 10024 | D:12     | Noticed Rupert
 10045 | D:12     | Killed Rupert
 10886 | D:12     | Lost mutation: Scrolls take you a little longer to read. [mutagenic meat]
 10887 | D:12     | Gained mutation: You occasionally shout uncontrollably at your foes. [mutagenic meat]
 11161 | Lair:1   | Entered Level 1 of the Lair of Beasts
 11168 | Lair:1   | Noticed an eight-headed hydra
 11199 | Lair:1   | HP: 4/104 [ten-headed hydra (13)]
 11199 | Lair:1   | Mangled by a ten-headed hydra

Skill      XL: |  1  2  3  4  5  6  7  8  9 10 11 12 |
---------------+-------------------------------------+-----
Dodging        | 3 4 5 |  5.4
Unarmed Combat | 4 5 6 7 9 10 11 12 | 12.4
Throwing       | 1 2 3 4 5 6 |  6.6
Shields        | 1 2 4 6 7 8 9 |  9.2
Necromancy     | 1 2 3 4 |  4.4
Charms         | 1 2 |  2.0
Spellcasting   | 1 2 3 |  3.2
Evocations     | 1 2 3 |  3.5
Hexes          | 1 2 3 |  3.1
Armour         | 1 3 |  3.2
Fighting       | |  2.4
Stealth        | |  1.0

Action                   |  1- 3 |  4- 6 |  7- 9 | 10-12 || total
-------------------------+-------+-------+-------+-------++-------
Melee: Unarmed           |    88 |   135 |   303 |   904 ||  1430
       Punch             |     2 |     3 |       |       ||     5
Throw: Large rock        |       |       |     3 |    12 ||    15
 Cast: Confusing Touch   |       |       |       |     1 ||     1
Invok: Curse Item        |       |     2 |       |     2 ||     4
 Abil: Evoke Berserk Rag |       |       |       |     2 ||     2
Evoke: Lamp of fire      |       |       |       |     2 ||     2
       Wand              |       |       |       |     4 ||     4
  Use: Potion            |       |     2 |       |     9 ||    11
       Scroll            |       |     7 |     3 |    15 ||    25
 Stab: Sleeping          |     4 |     1 |     3 |     7 ||    15
       Distracted        |       |       |     1 |     5 ||     6
       Invisible         |       |       |       |     3 ||     3
  Eat: Chunk             |    17 |    12 |    26 |    57 ||   112
       Bread ration      |       |       |       |     1 ||     1
Armor: Robe              |    26 |    39 |    55 |   133 ||   253
Dodge: Dodged            |    40 |    48 |    39 |   222 ||   349
Block: Large shield      |       |    12 |   183 |   798 ||   993
